 Dungeon Crawl Stone Soup version 0.26-a0-546-g3c2127501a (webtiles) character file.

Game seed: 16399533614726237034

(classic levelgen) 122980 EnegeticOcto the Magus (level 15, -3/132 HPs)
             Began as a Deep Dwarf Fighter on Aug 19, 2020.
             Was an Elder of Nemelex Xobeh.
             Killed from afar by an electric eel (10 damage)
             ... with a bolt of electricity
             ... on level 15 of the Dungeon.
             The game lasted 00:43:07 (5528 turns).

EnegeticOcto the Magus (Deep Dwarf Fighter)         Turns: 5528, Time: 00:43:07

Health: -3/132     AC: 27    Str: 32    XL:     15   Next: 65%
Magic:  1/1        EV:  5    Int:  9    God:    Nemelex Xobeh [****..]
Gold:   575        SH: 26    Dex: 23    Spells: 14/14 levels left

rFire    + . .     SeeInvis .   K - +11 hand axe "Tapluji" {vorpal, rF+ Dex+6}
rCold    + . .     Faith    .   f - +4 tower shield of the Mind {rC+ Dex+5}
rNeg     + . .     Spirit   .   u - +2 plate armour {rPois}
rPois    +         Reflect  .   l - +2 helmet
rElec    .         Harm     +   C - +2 cloak
rCorr    .                      y - +3 pair of gloves "Yxtuvvy" {Harm Slay+2 Stlth+}
MR       ++...                  r - +2 pair of boots
Stlth    ..........             (no amulet)
HPRegen  0.00/turn              q - +6 ring of strength
MPRegen  0.07/turn              H - +4 ring of slaying

@: non-regenerating, studying Fighting, very slow
A: damage resistance, heal wounds, negative energy resistance 1, sense
surroundings 2, no regeneration
}: 2/15 runes: decaying, gossamer
a: Heal Wounds, Draw Escape, Draw Destruction, Draw Summoning, Triple Draw, Deal
Four, Renounce Religion


You were on level 15 of the Dungeon.
You worshipped Nemelex Xobeh.
Nemelex Xobeh was greatly pleased with you.
You visited 5 branches of the dungeon, and saw 29 of its levels.
You also visited: Gauntlet.

You collected 871 gold pieces.
You spent 296 gold pieces at shops.

Inventory:

Hand Weapons
 a - the +4 hand axe of a treasure trove {flame, *Slow rPois rF++}
   (You found it on level 5 of the Dungeon)

   It has been specially enchanted to burn those struck by it, causing extra
   injury to most foes and up to half again as much damage against particularly
   susceptible opponents.
   Big, fiery blades are also staple armaments of hydra-hunters.
   It greatly protects you from fire.
   It protects you from poison.
   It may slow you when you take damage.
 b - a +4 vorpal war axe
 j - a +0 war axe
 k - a +0 vorpal broad axe
 K - the +11 hand axe "Tapluji" (weapon) {vorpal, rF+ Dex+6}
   (You found it on level 3 of the Spider Nest)

   It inflicts extra damage upon your enemies.
   It affects your dexterity (+6).
   It protects you from fire.
Armour
 c - a +0 kite shield
 f - the +4 tower shield of the Mind (worn) {rC+ Dex+5}
   (You found it on level 4 of the Dungeon)

   It affects your dexterity (+5).
   It protects you from cold.
 l - a +2 helmet (worn)
 r - a +2 pair of boots (worn)
 u - a +2 plate armour of poison resistance (worn)
 y - the +3 pair of gloves "Yxtuvvy" (worn) {Harm Slay+2 Stlth+}
   (You found it in a Gauntlet)

   It affects your accuracy and damage with ranged weapons and melee attacks
   (+2).
   It increases damage dealt and taken.
   It makes you more stealthy.
 C - a +2 cloak (worn)
Jewellery
 n - a +6 ring of dexterity
 q - a +6 ring of strength (left hand)
 D - an uncursed ring of wizardry
 H - a +4 ring of slaying (right hand)
 P - a -4 ring of evasion
Wands
 o - a wand of enslavement (9)
 s - a wand of polymorph (6)
 v - a wand of flame (47) {@v4}
 F - a wand of acid (6) {@v1}
Scrolls
 e - 2 scrolls of fear {!r}
 g - a scroll of torment
 t - 2 scrolls of remove curse {@r2}
 x - 6 scrolls of teleportation {@r3 !r}
 A - a scroll of blinking {@r4}
 B - 2 scrolls of fog {!r}
 E - 2 scrolls of enchant armour
 L - a scroll of identify {@r1}
 O - a scroll of silence
Potions
 h - a potion of flight
 i - 2 potions of magic
 m - 3 potions of lignification {@q6}
 z - a potion of degeneration
 G - a potion of mutation
 I - 2 potions of stabbing {@q5 !q}
 J - a potion of brilliance
 N - a potion of might {@q3 !q}
Books
 p - a manual of Fighting
Miscellaneous
 d - a tin of tremorstones (1/3)
 M - a phantom mirror (inert)


   Skills:
 - Level 8.0 Fighting
 - Level 16.9 Axes
 - Level 3.2 Armour
 + Level 13.9 Shields
 * Level 22.0 Invocations


You had 14 spell levels left.
You didn't know any spells.
Your spell library was empty.

Dungeon Overview and Level Annotations

Branches:
Dungeon (15/15)              Lair (4/6) D:9           Swamp (4/4) Lair:4
 Spider (4/4) Lair:3          Orc (2/2) D:10        Gauntlet (visited)
 Temple: D:4-7          Elf: Orc:2       Vaults: D:13-14     Depths: D:15

Altars:
Elyvilon
Kikubaaqudgha
Makhleb
Nemelex Xobeh
Vehumet

Shops:
D:5 *   D:10 [   Orc:2 *[*[

Portals:
Abyss: D:15

Annotations:
D:15 2 transporters, Lagapta's ghost, journeyman OpDe
Swamp:3 Bai Suzhen


Innate Abilities, Weirdness & Mutations

You are resistant to damage.
You can heal yourself by infusing magical energy.
You resist negative energy. (rN+)
You passively map the area around you.
You do not regenerate.


Message History

The two-headed ogre hits you but does no damage.
You slice the two-headed ogre!!
The two-headed ogre is severely wounded.
You hit the two-headed ogre.
The two-headed ogre is severely wounded.
You slice the two-headed ogre!!
You block the two-headed ogre's attack. x3
The two-headed ogre hits you but does no damage.
You slash the two-headed ogre!
You kill the two-headed ogre!
You slash the two-headed ogre!
You kill the two-headed ogre!
You block the ogre's attack.
Things that are here:
a cursed -1 giant spiked club; a +0 giant club; a two-headed ogre corpse You slice the ogre!!
You kill the ogre!
You see here a +0 giant spiked club.
There is an open door here.
You hear a grinding noise.
You hear a grinding noise.
There is an open door here.
You hear a grinding noise.
You hear a grinding noise.
A manticore comes into view.
Found a stone staircase leading up.
A manticore is nearby!
The manticore bites you but does no damage.
The manticore claws you but does no damage.
You block the manticore's attack.
You closely miss the manticore. You block the manticore's attack.
The manticore barely misses you.
The manticore claws you but does no damage.
You slash the manticore!
The manticore is moderately wounded.
The manticore bites you but does no damage.
You block the manticore's attack. x2
You slice the manticore!!
You kill the manticore!
You see here a manticore corpse.
You open the door.
Found a scroll of remove curse.
You hear a grinding noise.
There is an open door here.
t - 2 scrolls of remove curse {@r2} (gained 1)
A two-headed ogre comes into view.
It is wielding a +0 giant spiked club and a -2 giant club.
The two-headed ogre shouts in stereo!
You hear a horrible gurgling sound! x2
You block the two-headed ogre's attack. x2
You slice the two-headed ogre!!
The two-headed ogre is heavily wounded.
You block the two-headed ogre's attack. x2
You slash the two-headed ogre!
The two-headed ogre is severely wounded.
You slash the two-headed ogre!
You kill the two-headed ogre!
Your Invocations skill increases to level 22!
Things that are here:
a +0 giant spiked club; a cursed -2 giant club; a two-headed ogre corpse A brown ugly thing comes into view.
The brown ugly thing gurgles horribly!
You enter the shallow water.
Moving in this stuff is going to be slow.
An electric eel comes into view.
A centaur warrior skeleton comes into view.
A brown ugly thing comes into view.
The brown ugly thing gurgles horribly!
The centaur warrior skeleton enters a dispersal trap!
The brown ugly thing blinks! x2; The electric eel blinks! x2
The brown ugly thing blinks!
You blink.
Splash!
You fall into the shallow water.
Moving in this stuff is going to be slow.
The centaur warrior skeleton blinks!
The electric eel shoots out a bolt of lightning at you!
The bolt of electricity hits the plant!
The bolt of electricity hits you.
The electric eel shoots out a bolt of lightning at you!
The bolt of electricity hits the plant!
The bolt of electricity hits you!
* * * LOW HITPOINT WARNING * * *
The electric eel shoots out a bolt of lightning at you!
The bolt of electricity hits the plant!
The bolt of electricity hits you.
* * * LOW HITPOINT WARNING * * *
The electric eel shoots out a bolt of lightning at you!
The bolt of electricity hits the plant!
The bolt of electricity hits you!
* * * LOW HITPOINT WARNING * * *
The centaur warrior skeleton hits the plant.
The electric eel shoots out a bolt of lightning at you!
The bolt of electricity hits the plant!
The bolt of electricity hits you!
* * * LOW HITPOINT WARNING * * *
The centaur warrior skeleton hits the plant but does no damage.
You block the brown ugly thing's attack.
The electric eel shoots out a bolt of lightning at you!
The bolt of electricity hits the plant!
The plant is destroyed!
The bolt of electricity hits you but does no damage.
The brown ugly thing bites you but does no damage.
You block the brown ugly thing's attack.
The brown ugly thing splashes around in the water.
The electric eel shoots out a bolt of lightning at you!
The bolt of electricity hits you!
You die...
Your body glows slightly and disappears.

..## ####'## ##......#
...####.....# ########
.....##.....#
.....##.....#
.._.)...♣≈♣♣♣≈
....()(♣P≈≈♣≈≈♣###
.......♣P≈PP≈≈≈≈≈♣♣#
#...###§P≈≈≈≈≈≈≈≈≈≈♣♣##
###+#
♣≈≈≈≈≈≈≈≈≈@≈≈≈≈≈## ,
≈PP≈≈≈≈≈;≈u≈PPPP≈#
≈≈.≈♣≈≈≈uPZ≈≈PP##
,.....≈...≈≈♣♣♣## *
,,,,...^........#
≈§...........# * *
≈≈≈≈≈≈.≈....# *
≈≈≈≈≈P≈≈≈♣..# #.
♣≈≈♣♣≈≈♣♣##.#


You could see 2 ugly things, an electric eel and a centaur warrior skeleton.

Vanquished Creatures
  Jorgrun (D:15)
  A thorn hunter (Swamp:3)
  5 emperor scorpions (Spider:4)
  3 ghost moths (Spider:4)
  2 entropy weavers
  A spark wasp (Spider:4)
  A minotaur (Gauntlet)
  11 hydras
  An ice dragon (Swamp:4)
  A centaur warrior (D:15)
  A ghost crab (Swamp:4)
  An ogre mage (D:15)
  2 shambling mangroves (Swamp:3)
  6 two-headed ogres (D:15)
  7 alligators
  2 orc high priests (Orc:2)
  A fire crab (Gauntlet)
  A spriggan druid (Swamp:2)
  6 swamp dragons
  A lindwurm (shapeshifter) (Swamp:1)
  8 orb spiders (Spider:4)
  A necromancer (Swamp:4)
  16 wolf spiders
  5 ugly things (D:15)
  2 manticores
  A moth of wrath (Spider:3)
  A centaur zombie (D:15)
  8 cane toads
  6 komodo dragons
  6 demonic crawlers (Spider:4)
  A hydra zombie (Swamp:4)
  A queen bee (Swamp:4)
  9 jumping spiders
  4 trolls
  9 tyrant leeches
  12 hornets
  10 slime creatures (Swamp:3)
  3 blink frogs
  A raiju (Orc:2)
  3 bog bodies
  A harpy skeleton (D:15)
  A hippogriff (shapeshifter) (D:15)
  3 hippogriffs
  A water elemental (D:15)
  21 redbacks
  2 spriggans (Swamp:3)
  4 yaks (D:10)
  7 tarantellas
  2 wyverns
  A shadow (D:11)
  A hog (Orc:2)
  3 fire bats (Gauntlet)
  14 vampire mosquitoes
  5 insubstantial wisps (Swamp:4)
  A steam dragon (D:10)
  10 swamp worms
  7 water moccasins
  3 hell hounds (Gauntlet)
  9 porcupines
  A floating eye (Swamp:4)
  13 orc warriors
  4 sky beasts
  10 swamp drakes
  2 black bears
  3 phantoms
  6 ogres
  A centaur (D:15)
  15 wolves
  2 big kobolds (D:11)
  5 crocodiles
  8 bullfrogs
  A komodo dragon zombie (Swamp:4)
  A gnoll sergeant (D:10)
  A water moccasin zombie (Swamp:4)
  3 scorpions
  4 killer bees
  7 wights (D:11)
  3 electric eels
  4 howler monkeys
  5 hounds
  3 jellies
  2 centaur skeletons
  15 orc priests
  9 orc wizards
  4 bullfrog skeletons
  3 iguanas
  3 worker ants
  A hound skeleton (D:6)
  A worker ant zombie (D:11)
  Robin (D:3)
  10 gnolls
  5 adders
  2 river rats (Orc:2)
  3 shadow imps
  3 white imps
  An ooze (Swamp:4)
  An adder zombie (D:9)
  A worm (D:3)
  2 leopard geckos
  37 orcs
  4 giant cockroaches
  8 goblins (D:3)
  4 hobgoblins
  5 jackals
  7 kobolds
  5 quokkas
  2 rats (D:3)
  A fungus (D:9)
  A plant (D:9)
501 creatures vanquished.

Vanquished Creatures (collateral kills)
  2 orc sorcerers
  A demonic crawler (Spider:4)
  A jumping spider (Spider:4)
  A hippogriff (Lair:1)
  A hornet (Spider:4)
  2 orc warriors
  A wolf (Lair:1)
  3 orc wizards (Orc:2)
  3 orc priests (Orc:2)
  2 orcs (Orc:2)
17 creatures vanquished.

Vanquished Creatures (others)
  A hydra (Swamp:4)
  An alligator (Swamp:3)
  A death drake (Swamp:4)
  A swamp dragon (Swamp:3)
  A mana viper (Swamp:4)
  A jumping spider (Swamp:1)
  An orc warrior (Orc:2)
  A swamp drake (Swamp:4)
  A boggart (Swamp:4)
  A killer bee (Orc:2)
  3 plants (D:15)
13 creatures vanquished.

Grand Total: 531 creatures vanquished

Notes
Turn   | Place    | Note
-------+----------+-------------------------------------------
     0 | D:1      | EnegeticOcto the Deep Dwarf Fighter began the quest for the
                  | Orb.
     0 | D:1      | Reached XP level 1. HP: 20/20 MP: 1/1
    96 | D:3      | Reached skill level 3 in Axes
    96 | D:3      | Reached XP level 2. HP: 25/27 MP: 2/2
   171 | D:3      | Noticed Robin
   180 | D:3      | Reached XP level 3. HP: 21/33 MP: 3/3
   183 | D:3      | Reached skill level 4 in Axes
   206 | D:3      | Killed Robin
   334 | D:4      | Got a scorched tower shield
   345 | D:4      | Identified the +4 tower shield of the Mind {rC+ Dex+5} (You
                  | found it on level 4 of the Dungeon)
   355 | D:5      | Entered Level 5 of the Dungeon
   385 | D:5      | Found a sparkling altar of Nemelex Xobeh.
   390 | D:5      | Became a worshipper of Nemelex Xobeh the Trickster
   415 | D:5      | Reached XP level 4. HP: 35/40 MP: 4/4
   423 | D:5      | Reached skill level 5 in Axes
   459 | D:6      | Received a gift from Nemelex Xobeh
   459 | D:6      | Noticed a bullfrog
   478 | D:6      | Killed a bullfrog
   478 | D:6      | Reached skill level 6 in Axes
   478 | D:6      | Reached skill level 1 in Invocations
   478 | D:6      | Reached XP level 5. HP: 35/46 MP: 4/6
   504 | D:7      | Reached skill level 2 in Invocations
   506 | D:6      | Found a radiant altar of Vehumet.
   506 | D:6      | Found an ancient bone altar of Kikubaaqudgha.
   506 | D:6      | Noticed a sky beast
   528 | D:6      | Your magical essence is drained by the effort!
   535 | D:6      | Killed a sky beast
   535 | D:6      | Reached skill level 3 in Invocations
   535 | D:6      | Reached XP level 6. HP: 49/55 MP: 5/7
   537 | D:5      | Found Galilaj's Assorted Antiques.
   540 | D:5      | Reached skill level 7 in Axes
   547 | D:5      | Bought a scroll labeled CAHAMU SUQIUSHRAI for 23 gold
                  | pieces
   563 | D:5      | Got a brightly glowing hand axe
   564 | D:5      | Identified the +4 hand axe of a treasure trove {flame,
                  | *Slow rPois rF++} (You found it on level 5 of the Dungeon)
   671 | D:5      | Bought 3 scrolls labeled LATZUESIUH for 69 gold pieces
   751 | D:7      | Noticed a sky beast
   758 | D:7      | Reached XP level 7. HP: 47/61 MP: 8/8
   783 | D:7      | Reached skill level 4 in Invocations
   784 | D:7      | Your magical essence is drained by the effort!
   834 | D:7      | Reached skill level 8 in Axes
   897 | D:8      | Reached skill level 5 in Invocations
   902 | D:8      | Your magical essence is drained by the effort!
   911 | D:8      | Reached * piety under Nemelex Xobeh
   911 | D:8      | Noticed a hippogriff
   924 | D:8      | Killed a hippogriff
   971 | D:9      | Reached skill level 9 in Axes
   983 | D:10     | Entered Level 10 of the Dungeon
   983 | D:10     | Received a gift from Nemelex Xobeh
   996 | D:10     | Reached XP level 8. HP: 57/68 MP: 9/9
  1002 | D:10     | Found Wuidwoaf's Armour Boutique.
  1012 | D:10     | Reached skill level 6 in Invocations
  1020 | D:10     | Found a staircase to the Orcish Mines.
  1065 | Orc:1    | Entered Level 1 of the Orcish Mines
  1074 | Orc:1    | Reached skill level 10 in Axes
  1077 | Orc:1    | Noticed an orc sorcerer
  1078 | Orc:1    | Reached skill level 7 in Invocations
  1097 | D:10     | Killed an orc sorcerer
  1168 | Orc:2    | Entered Level 2 of the Orcish Mines
  1193 | Orc:2    | Reached skill level 11 in Axes
  1193 | Orc:2    | Reached skill level 8 in Invocations
  1193 | Orc:2    | Gained mutation: You passively map the area around you.
                  | [Deep Dwarf growth]
  1193 | Orc:2    | Reached XP level 9. HP: 56/74 MP: 10/12
  1201 | Orc:2    | Your magical essence is drained by the effort!
  1208 | Orc:2    | Your magical essence is drained by the effort!
  1230 | Orc:2    | Received a gift from Nemelex Xobeh
  1242 | Orc:2    | Noticed a troll
  1264 | Orc:2    | Killed a troll
  1281 | Orc:2    | Reached ** piety under Nemelex Xobeh
  1302 | Orc:2    | Your magical essence is drained by the effort!
  1306 | Orc:2    | Reached skill level 9 in Invocations
  1315 | Orc:2    | Reached skill level 12 in Axes
  1315 | Orc:2    | Noticed an orc high priest
  1316 | Orc:2    | Noticed an orc high priest
  1317 | Orc:2    | Noticed a faun
  1317 | Orc:2    | an orc high priest changed into a faun
  1317 | Orc:2    | Noticed a shock serpent
  1317 | Orc:2    | an orc high priest changed into a shock serpent
  1322 | Orc:2    | a faun changed into a hog
  1322 | Orc:2    | a shock serpent changed into a raiju
  1340 | Orc:2    | Your magical essence is drained by the effort!
  1342 | Orc:2    | Noticed an orc sorcerer
  1349 | Orc:2    | Noticed an orc high priest
  1352 | Orc:2    | Noticed an orange demon
  1358 | Orc:2    | Noticed an orange demon
  1358 | Orc:2    | Noticed a sun demon
  1359 | Orc:2    | Killed an orc sorcerer
  1359 | Orc:2    | Reached skill level 10 in Invocations
  1361 | Orc:2    | Noticed a sun demon
  1363 | Orc:2    | Killed an orc high priest
  1363 | Orc:2    | Reached skill level 13 in Axes
  1363 | Orc:2    | Reached XP level 10. HP: 67/81 MP: 10/10
  1387 | Orc:2    | Noticed an orc high priest
  1402 | Orc:2    | Killed an orc high priest
  1421 | Orc:2    | Found Gydao's Armour Shoppe.
  1421 | Orc:2    | Found Tyely's Assorted Antiques.
  1421 | Orc:2    | Found Poisul's Antique Armour Emporium.
  1427 | Orc:2    | Found Uhiuhif's General Store.
  1433 | Orc:2    | Bought an iron wand for 92 gold pieces
  1433 | Orc:2    | Bought a scroll labeled ISSEXK TATUFFO for 23 gold pieces
  1433 | Orc:2    | Bought a scroll of identify for 46 gold pieces
  1433 | Orc:2    | Bought a fizzy grey potion for 20 gold pieces
  1433 | Orc:2    | Bought a wand of flame (15) for 23 gold pieces
  1513 | D:10     | Reached skill level 11 in Invocations
  1548 | D:10     | Reached skill level 14 in Axes
  1668 | D:11     | Your magical essence is drained by the effort!
  1740 | D:11     | Received a gift from Nemelex Xobeh
  1835 | D:11     | Your magical essence is drained by the effort!
  2026 | D:9      | Reached XP level 11. HP: 57/88 MP: 10/10
  2066 | D:9      | Reached skill level 12 in Invocations
  2102 | D:9      | Your magical essence is drained by the effort!
  2115 | D:9      | Reached skill level 15 in Axes
  2120 | D:9      | Found a staircase to the Lair.
  2148 | Lair:1   | Entered Level 1 of the Lair of Beasts
  2148 | Lair:1   | Noticed a four-headed hydra
  2155 | Lair:2   | Received a gift from Nemelex Xobeh
  2171 | Lair:2   | Reached *** piety under Nemelex Xobeh
  2173 | Lair:2   | Your magical essence is drained by the effort!
  2252 | Lair:2   | Found a gate leading to a gauntlet.
  2261 | Gauntlet | Entered a Gauntlet
  2261 | Gauntlet | Found a transporter.
  2261 | Gauntlet | Found a transporter.
  2263 | Gauntlet | Found a transporter.
  2264 | Gauntlet | Noticed a shining eye
  2266 | Gauntlet | Found a transporter.
  2267 | Gauntlet | Found a transporter.
  2267 | Gauntlet | Found a transporter.
  2287 | Gauntlet | Noticed a wizard
  2287 | Gauntlet | Found a runed translucent door.
  2288 | Gauntlet | Found a runed translucent door.
  2293 | Gauntlet | Found a transporter.
  2293 | Gauntlet | Found a transporter.
  2303 | Gauntlet | Found a transporter.
  2306 | Gauntlet | Noticed a death scarab
  2309 | Gauntlet | Noticed a fire crab
  2309 | Gauntlet | Noticed a death scarab
  2310 | Gauntlet | Found a runed translucent gate.
  2310 | Gauntlet | Found a runed translucent gate.
  2310 | Gauntlet | Found a runed translucent gate.
  2317 | Gauntlet | Found a transporter.
  2320 | Gauntlet | Found a transporter.
  2320 | Gauntlet | Found a transporter.
  2376 | Gauntlet | Killed a fire crab
  2376 | Gauntlet | Reached skill level 3 in Fighting
  2387 | Gauntlet | Reached skill level 13 in Invocations
  2389 | Gauntlet | Identified the +3 pair of gloves "Yxtuvvy" {Harm Slay+2
                  | Stlth+} (You found it in a Gauntlet)
  2408 | Gauntlet | Noticed a minotaur
  2424 | Gauntlet | Killed a minotaur
  2424 | Gauntlet | Reached skill level 4 in Fighting
  2424 | Gauntlet | Reached skill level 16 in Axes
  2424 | Gauntlet | Reached skill level 4 in Shields
  2511 | Lair:3   | Your magical essence is drained by the effort!
  2518 | Lair:3   | Received a gift from Nemelex Xobeh
  2536 | Lair:3   | Reached skill level 5 in Fighting
  2664 | Lair:4   | Reached skill level 5 in Shields
  2690 | Lair:4   | Found a white marble altar of Elyvilon.
  2698 | Lair:4   | Noticed a seven-headed hydra
  2703 | Lair:4   | Killed a seven-headed hydra
  2703 | Lair:4   | Reached XP level 12. HP: 97/104 MP: 10/10
  2714 | Lair:4   | Noticed a six-headed hydra
  2714 | Lair:4   | Noticed a six-headed hydra
  2727 | Lair:4   | Killed a one-headed hydra
  2727 | Lair:4   | Reached skill level 6 in Fighting
  2733 | Lair:4   | Killed a one-headed hydra
  2735 | Lair:4   | Reached skill level 6 in Shields
  2764 | Lair:4   | Found a staircase to the Swamp.
  2773 | Lair:4   | Identified a scroll of acquirement
  2773 | Lair:4   | Acquired a +0 vorpal broad axe
  2784 | Swamp:1  | Entered Level 1 of the Swamp
  2784 | Swamp:1  | Noticed an alligator
  2796 | Swamp:1  | Killed an alligator
  2796 | Swamp:1  | Reached skill level 7 in Fighting
  2796 | Swamp:1  | Reached skill level 14 in Invocations
  2846 | Swamp:1  | Noticed Frances
  2849 | Swamp:1  | Noticed Frances
  2849 | Swamp:1  | Frances changed into Frances the entropy weaver
  2850 | Swamp:1  | Noticed Frances
  2850 | Swamp:1  | Frances the entropy weaver changed into Frances the glowing
                  | shapeshifter
  2851 | Swamp:1  | Noticed Frances
  2851 | Swamp:1  | Frances the glowing shapeshifter changed into Frances the
                  | swamp worm
  2852 | Swamp:1  | Noticed Frances
  2852 | Swamp:1  | Frances the swamp worm changed into Frances the swamp
                  | dragon
  2854 | Swamp:1  | Noticed Frances
  2854 | Swamp:1  | Frances the swamp dragon changed into Frances the merfolk
  2855 | Swamp:1  | Noticed an alligator
  2856 | Swamp:1  | Noticed Frances
  2856 | Swamp:1  | Frances the merfolk changed into Frances the deep troll
  2858 | Swamp:1  | Noticed Frances
  2858 | Swamp:1  | Frances the deep troll changed into Frances the shock
                  | serpent
  2865 | Swamp:1  | Noticed Frances
  2865 | Swamp:1  | Frances the shock serpent changed into Frances the glowing
                  | shapeshifter
  2865 | Swamp:1  | Noticed Frances
  2865 | Swamp:1  | Frances the glowing shapeshifter changed into Frances the
                  | glowing orange brain
  2866 | Swamp:1  | Noticed Frances
  2866 | Swamp:1  | Frances the glowing orange brain changed into Frances the
                  | glowing shapeshifter
  2866 | Swamp:1  | Noticed Frances
  2866 | Swamp:1  | Frances the glowing shapeshifter changed into Frances the
                  | manticore
  2868 | Swamp:1  | Noticed Frances
  2868 | Swamp:1  | Frances the manticore changed into Frances the shining eye
  2871 | Swamp:1  | Noticed Frances
  2871 | Swamp:1  | Frances the shining eye changed into Frances the death
                  | drake
  2874 | Swamp:1  | Noticed Frances
  2874 | Swamp:1  | Frances the death drake changed into Frances the lindwurm
  2876 | Swamp:1  | Noticed Frances
  2876 | Swamp:1  | Frances the lindwurm changed into Frances the water nymph
  2877 | Swamp:1  | Noticed Frances
  2877 | Swamp:1  | Frances the water nymph changed into Frances the glowing
                  | orange brain
  2878 | Swamp:1  | Noticed Frances
  2878 | Swamp:1  | Frances the glowing orange brain changed into Frances the
                  | lindwurm
  2883 | Swamp:1  | Killed Frances the lindwurm
  2883 | Swamp:1  | Killed an alligator
  2908 | Swamp:1  | Noticed a five-headed hydra
  2917 | Swamp:1  | Killed a one-headed hydra
  2917 | Swamp:1  | Reached skill level 8 in Fighting
  2917 | Swamp:1  | Reached skill level 7 in Shields
  3012 | Swamp:1  | Your magical essence is drained by the effort!
  3024 | Swamp:2  | Noticed an eight-headed hydra
  3038 | Swamp:2  | Killed a one-headed hydra
  3051 | Swamp:2  | Your magical essence is drained by the effort!
  3055 | Swamp:2  | Your magical essence is drained by the effort!
  3060 | Swamp:2  | Your magical essence is drained by the effort!
  3074 | Swamp:2  | Noticed an eight-headed hydra
  3085 | Swamp:2  | Your magical essence is drained by the effort!
  3090 | Swamp:2  | Received a gift from Nemelex Xobeh
  3093 | Swamp:2  | Your magical essence is drained by the effort!
  3098 | Swamp:2  | Reached skill level 8 in Shields
  3099 | Swamp:2  | Killed an eight-headed hydra
  3105 | Swamp:2  | Your magical essence is drained by the effort!
  3112 | Swamp:2  | Reached skill level 15 in Invocations
  3159 | Swamp:2  | Your magical essence is drained by the effort!
  3169 | Swamp:3  | Noticed an alligator
  3180 | Swamp:3  | Killed an alligator
  3183 | Swamp:3  | Noticed a six-headed hydra
  3183 | Swamp:3  | Noticed a shambling mangrove
  3186 | Swamp:3  | Your magical essence is drained by the effort!
  3195 | Swamp:3  | Killed a one-headed hydra
  3195 | Swamp:3  | Reached XP level 13. HP: 74/117 MP: 3/3
  3206 | Swamp:3  | Your magical essence is drained by the effort!
  3221 | Swamp:3  | Reached skill level 9 in Shields
  3231 | Swamp:3  | Your magical essence is drained by the effort!
  3294 | Swamp:3  | Noticed Bai Suzhen
  3306 | Swamp:3  | Noticed a thorn hunter
  3339 | Swamp:3  | Killed a thorn hunter
  3339 | Swamp:3  | Reached skill level 16 in Invocations
  3405 | Swamp:4  | Entered Level 4 of the Swamp
  3429 | Swamp:4  | Your magical essence is drained by the effort!
  3440 | Swamp:4  | Reached skill level 10 in Shields
  3555 | Swamp:4  | Reached skill level 17 in Invocations
  3577 | Swamp:4  | Noticed the 27-headed Lernaean hydra
  3585 | Swamp:4  | Noticed an ettin
  3585 | Swamp:4  | an eight-headed hydra changed into an ettin
  3585 | Swamp:4  | Noticed a swamp dragon shaped Lernaean hydra
  3585 | Swamp:4  | the 27-headed Lernaean hydra changed into a swamp dragon
                  | shaped Lernaean hydra
  3585 | Swamp:4  | Noticed an ettin
  3585 | Swamp:4  | a four-headed hydra changed into an ettin
  3585 | Swamp:4  | Noticed a spark wasp
  3585 | Swamp:4  | a five-headed hydra changed into a spark wasp
  3589 | Swamp:4  | Your magical essence is drained by the effort!
  3593 | Swamp:4  | an ettin changed into a torpor snail
  3593 | Swamp:4  | Noticed an ice beast shaped Lernaean hydra
  3593 | Swamp:4  | a swamp dragon shaped Lernaean hydra changed into an ice
                  | beast shaped Lernaean hydra
  3593 | Swamp:4  | Noticed an entropy weaver
  3593 | Swamp:4  | a four-headed hydra changed into an entropy weaver
  3593 | Swamp:4  | an ettin changed into a guardian serpent
  3593 | Swamp:4  | Noticed an ettin
  3593 | Swamp:4  | an eight-headed hydra changed into an ettin
  3596 | Swamp:4  | Noticed an adder shaped Lernaean hydra
  3596 | Swamp:4  | an ice beast shaped Lernaean hydra changed into an adder
                  | shaped Lernaean hydra
  3596 | Swamp:4  | a spark wasp changed into a death drake
  3596 | Swamp:4  | an ettin changed into a mana viper
  3598 | Swamp:4  | Killed an adder shaped Lernaean hydra
  3616 | Swamp:4  | Killed an entropy weaver
  3628 | Swamp:4  | Got a decaying rune of Zot
  3669 | Swamp:4  | Gained mutation: You resist negative energy. (rN+) [Deep
                  | Dwarf growth]
  3669 | Swamp:4  | Reached XP level 14. HP: 43/126 MP: 1/1
  3681 | Swamp:4  | Reached skill level 11 in Shields
  3706 | Swamp:3  | Reached skill level 18 in Invocations
  3745 | Swamp:3  | Your magical essence is drained by the effort!
  3940 | Lair:3   | Found a hole to the Spider Nest.
  3996 | Spider:1 | Entered Level 1 of the Spider Nest
  4169 | Spider:3 | Got a crystal hand axe
  4170 | Spider:3 | Identified the +11 hand axe "Tapluji" {vorpal, rF+ Dex+6}
                  | (You found it on level 3 of the Spider Nest)
  4176 | Spider:4 | Entered Level 4 of the Spider Nest
  4176 | Spider:4 | Reached **** piety under Nemelex Xobeh
  4221 | Spider:4 | Noticed an emperor scorpion
  4224 | Spider:4 | Your magical essence is drained by the effort!
  4225 | Spider:4 | Killed an emperor scorpion
  4225 | Spider:4 | Reached skill level 19 in Invocations
  4332 | Spider:4 | Received a gift from Nemelex Xobeh
  4462 | Spider:4 | Noticed an emperor scorpion
  4467 | Spider:4 | Reached skill level 12 in Shields
  4481 | Spider:4 | Killed an emperor scorpion
  4501 | Spider:4 | Noticed an emperor scorpion
  4512 | Spider:4 | Reached skill level 20 in Invocations
  4513 | Spider:4 | Killed an emperor scorpion
  4523 | Spider:4 | Noticed an emperor scorpion
  4528 | Spider:4 | Your magical essence is drained by the effort!
  4539 | Spider:4 | Killed an emperor scorpion
  4551 | Spider:4 | Killed a ghost moth
  4551 | Spider:4 | Reached XP level 15. HP: 61/132 MP: 1/1
  4555 | Spider:4 | Killed a ghost moth
  4571 | Spider:4 | Killed a ghost moth
  4584 | Spider:4 | Reached skill level 13 in Shields
  4631 | Spider:4 | Got a gossamer rune of Zot
  4692 | Spider:4 | Your magical essence is drained by the effort!
  4701 | Spider:4 | Reached skill level 21 in Invocations
  5217 | D:15     | Entered Level 15 of the Dungeon
  5260 | D:15     | Found a burning altar of Makhleb.
  5267 | D:15     | Noticed Jorgrun
  5285 | D:15     | Killed Jorgrun
  5398 | D:15     | Found a transporter.
  5419 | D:15     | Noticed Lagapta's ghost (journeyman OpDe)
  5429 | D:15     | Found a transporter.
  5432 | D:15     | Found a one-way gate to the infinite horrors of the Abyss.
  5512 | D:15     | Reached skill level 22 in Invocations
  5528 | D:15     | Killed from afar by an electric eel

Illustrated notes

Levels and vault maps discovered:
D:1:      dpeg_arrival_rhombi, layout_basic
D:2:      layout_loops_ring, lightli_temple_of_fire, roderic_roman_lattice,
          trog_book, uniq_jessica
D:3:      layout_basic, lemuel_coloured_pillars_altar, uniq_robin, uniq_grinder
D:4:      layout_gridville, yredelemnul_altar_generic, serial_shops,
          nicolae_shop_statue_plus, kennysheep_cross_room
D:5:      layout_basic, serial_shops, nicolae_shop_overgrown_old_shop,
          portal_sewer_entry_b, nemelex_spade_bored_becter
D:6:      layout_gridville, grunt_temple_overflow_gold_and_silver,
          chequers_temple_overflow_statue_of_worship, temple_hall,
          mumra_transporter_accident, kennysheep_dice, uniq_pikel
D:7:      layout_loops_cross, gammafunk_ghost_arena, uniq_menkaure
D:8:      due_megacathedral, layout_basic, ashenzari_altar_1,
          overflow_temple_1_default, special_room [special_room_orc]
D:9:      layout_roguey, grunt_lair_entry_orc_guard_hut
D:10:     layout_long_grid, orc_david_3, minivault_27
D:11:     layout_loops_ring, serial_shops, nicolae_shop_crystal, basic_altar,
          bloody_makhleb
D:12:     layout_gridville, uniq_nessos
D:13:     kennysheep_kobold_lugonu_temple, layout_irregular_city,
          david_vaults_3, uniq_rupert, uniq_azrael
D:14:     layout_basic, serial_shops, nicolae_shop_waterfront
D:15:     gammafunk_enter_depths_forms, layout_basic,
          gammafunk_ghost_abyssal_escape, basic_altar, serial_bayou_ford_a,
          uniq_jorgrun
Lair:1:   layout_gridlike
Lair:2:   layout_hall_layers, gauntlet_entry_generic
Lair:3:   layout_concentric_octagons, spider_nest_entry_web_field,
          chequers_serial_rivers_small_a, infiniplex_staircase_pool,
          grunt_megastairs_1
Lair:4:   layout_roguey, palyth_hydra_swamp_entry, basic_altar, uniq_snorg
Swamp:1:  layout_basic_swamp, nicolae_swamp_treefoil, swamp_pool3, uniq_frances
Swamp:2:  layout_basic_swamp, evilmike_swamp_ruin_house_2
Swamp:3:  layout_falls_marsh, nicolae_swamp_round_clearing, st_swamp_ruins_1,
          uniq_bai_suzhen
Swamp:4:  swamp, layout_basic_swamp, nicolae_swamp_necromancer_hut
Spider:1: layout_spider_delve
Spider:2: layout_spider_delve
Spider:3: layout_spider_delve
Spider:4: guppyfry_spider_rune
Orc:1:    layout_caves
Orc:2:    st_orc_mages, layout_diamond_mine

Skill      XL: |  1  2  3  4  5  6  7  8  9 10 11 12 13 14 15 |
---------------+----------------------------------------------+-----
Axes           | 3 4 6 7 9 11 13 14 16 | 16.9
Invocations    | 1 3 5 8 10 11 13 15 17 20 22 | 22.0
Fighting       | 5 8 |  8.0
Shields        | 5 8 10 12 13 | 13.9
Armour         | |  3.2

Action                   |  1- 3 |  4- 6 |  7- 9 | 10-12 | 13-15 || total
-------------------------+-------+-------+-------+-------+-------++-------
Melee: War axe           |    70 |    60 |       |    60 |   237 ||   427
       Hand axe          |       |    13 |   206 |   493 |   301 ||  1013
       Broad axe         |       |       |       |    47 |       ||    47
Invok: Draw Destruction  |       |       |    12 |    10 |    23 ||    45
       Draw Summoning    |       |       |     6 |       |     3 ||     9
       Triple Draw       |       |       |       |     2 |       ||     2
       Draw Escape       |       |       |       |       |     7 ||     7
 Abil: Heal Wounds       |     1 |     2 |    12 |    52 |    29 ||    96
Evoke: Wand              |       |       |       |     5 |    12 ||    17
       Tin of tremorston |       |       |       |     3 |     9 ||    12
       Phantom mirror    |       |       |       |       |     1 ||     1
  Use: Scroll            |     3 |     4 |       |    19 |     7 ||    33
       Potion            |       |       |       |     1 |     9 ||    10
 Stab: Distracted        |       |       |     2 |     1 |       ||     3
       Confused          |       |       |       |       |     5 ||     5
Armor: Scale mail        |    40 |    25 |       |       |       ||    65
       Plate armour      |       |     1 |   101 |   336 |   385 ||   823
Dodge: Dodged            |    22 |     8 |    23 |    35 |    79 ||   167
Block: Kite shield       |    45 |       |       |       |       ||    45
       Tower shield      |     7 |    97 |   257 |   663 |   729 ||  1753

Table legend: (Time is in decaauts)
 A = Elapsed time spent in this place.
 B = Non-inter-level travel time spent in this place.
 C = Inter-level travel time spent in this place.
 D = Time resting spent in this place.
 E = Time spent auto-exploring this place.
 F = Levels seen in this place.
 G = Mean time per level.
                   A        B        C        D        E       F      G
               +--------+--------+--------+--------+--------+-----+--------+
         Total |   5393 |   5045 |    348 |      0 |      0 |  30 |  179.8 |
       Dungeon |   2282 |   2210 |     72 |      0 |      0 |  15 |  152.1 |
          Lair |    740 |    725 |     15 |      0 |      0 |   4 |  185.0 |
         Swamp |   1064 |    932 |    132 |      0 |      0 |   4 |  266.0 |
   Spider Nest |    762 |    665 |     97 |      0 |      0 |   4 |  190.5 |
  Orcish Mines |    385 |    354 |     31 |      0 |      0 |   2 |  192.5 |
      Gauntlet |    158 |    158 |      0 |      0 |      0 |   1 |  158.0 |
               +--------+--------+--------+--------+--------+-----+--------+

Top non-repeatable levels by time:
Spider:4: 506 daAuts
    D:10: 351 daAuts
 Swamp:4: 303 daAuts
 Swamp:3: 300 daAuts
    D:11: 296 daAuts
     D:9: 295 daAuts
   Orc:2: 294 daAuts
    D:15: 287 daAuts
 Swamp:1: 282 daAuts
  Lair:3: 274 daAuts
  Lair:4: 242 daAuts
     D:7: 224 daAuts
     D:5: 204 daAuts
     D:4: 182 daAuts
 Swamp:2: 177 daAuts
